 Dungeon Crawl Stone Soup version 0.19.5 (webtiles) character file.

760 rutigerpupkin the Covered (level 7, -8/45 HPs)
             Began as a Gargoyle Fighter on May 11, 2017.
             Mangled by an ogre
             ... wielding a +0 giant spiked club
              (19 damage)
             ... on level 5 of the Dungeon.
             The game lasted 00:12:07 (3766 turns).

rutigerpupkin the Covered (Gargoyle Fighter)        Turns: 3766, Time: 00:12:07

Health: -8/45      AC: 13    Str: 21    XL:     7   Next: 80%
Magic:  16/16      EV:  7    Int:  9    God:
Gold:   280        SH: 10    Dex:  9    Spells: 0 memorised, 6 levels left

rFire  + . .     SeeInvis .     F - +2 flail (protect)
rCold  . . .     Gourm    .     G - +1 scale mail {rF+}
rNeg   + . .     Faith    .     c - +0 shield
rPois  ∞         Spirit   .     (no helmet)
rElec  +         Reflect  .     (no cloak)
rCorr  .         Harm     .     (no gloves)
MR     +....                    (no boots)
Stlth  ..........               (no amulet)
                                E - ring of protection from magic
                                J - ring of magical power

@: no status effects
A: negative energy resistance 1, electricity resistance, unbreathing,
petrification resistance, rot immunity, AC +4
a: no special abilities


You were on level 5 of the Dungeon.
You were not hungry.

You visited 2 branches of the dungeon, and saw 6 of its levels.

You collected 280 gold pieces.

Inventory:

Hand Weapons
 v - a +1 mace of draining
 y - a cursed -2 flail
 D - a cursed -1 whip
 F - a +2 flail of protection (weapon)
 H - a +1 flail of crushing
Missiles
 i - 5 tomahawks (quivered)
 K - 22 poisoned needles
Armour
 c - a +0 shield (worn)
 r - a +0 plate armour
 G - a +1 scale mail of fire resistance (worn)
Jewellery
 e - an uncursed ring of resist corrosion
 E - a ring of protection from magic (right hand)
 J - a ring of magical power (left hand)
Wands
 C - a wand of slowing (9/48)
Scrolls
 b - a scroll of remove curse
 j - 7 scrolls of identify
 l - a scroll of noise {unknown}
 m - a scroll of recharging {unknown}
 t - a scroll of enchant armour {unknown}
 z - a scroll of blinking {unknown}
 A - a scroll of fog {unknown}
 L - a scroll of immolation {unknown}
 M - a scroll of magic mapping {unknown}
 O - 2 scrolls of amnesia {unknown}
Potions
 d - 4 potions of might
 h - a potion of cancellation {unknown}
 n - a potion of lignification {unknown}
 o - a potion of beneficial mutation {unknown}
 q - a potion of resistance {unknown}
 u - 2 potions of brilliance {unknown}
 x - a potion of haste
 I - a potion of curing {unknown}
 P - a potion of flight {unknown}
Comestibles
 a - 3 chunks of flesh
 f - 3 bread rations
 g - a meat ration
 p - 9 fruits
 B - 2 beef jerkies


   Skills:
 + Level 5.7 Fighting
 + Level 4.1 Maces & Flails
 + Level 5.8 Armour
 + Level 5.6 Shields


You had 6 spell levels left.
You didn't know any spells.

Dungeon Overview and Level Annotations

Branches:
Dungeon (5/15)             Temple (1/1) D:5

Altars:
Cheibriados
Dithmenos
Elyvilon
Fedhas
Gozag
Hepliaklqana
Kikubaaqudgha
Makhleb
Qazlal
Ru
Sif Muna
Trog
Uskayaw
Xom

Shops:
D:4 [

Annotations:
D:2 Sigmund


Innate Abilities, Weirdness & Mutations

You are resistant to torment.
Your stone body is resilient. (AC +4)
You are immune to poison.
You resist negative energy. (rN+)
You are resistant to electric shocks. (rElec)
You can survive without breathing.
You are immune to petrification.
You are immune to rotting.


Message History

The ogre shouts!
The ogre hits you with a giant spiked club!!
Ouch! That really hurt!
* * * LOW HITPOINT WARNING * * *
You are too injured to fight recklessly!
You are too injured to fight recklessly!
You closely miss the ogre. You block the ogre's attack.
Your shield and scale mail prevent you from hitting the ogre.
The ogre closely misses you.
You sock the ogre!
Your weapon exudes an aura of protection.
The ogre is moderately wounded.
You block the ogre's attack.
You barely miss the ogre.
The ogre is moderately wounded.
The ogre barely misses you.
You closely miss the ogre.
The ogre is moderately wounded.
The ogre hits you with a giant spiked club!!
You die...

.#.##............#
#.................#
.#.#..##...........#
...................#
..................#######
..............###.......#
........../..####.......#
.......O............)####
........@.......>..#.#
...........#######...####
............# ###...>.
..........#)### #..###
.....####.#...# ##....
..... #.###....# #.##.
.... #.# ###....###.. ..
... ### #.⌠ .## ####..


You could see an ogre.

Vanquished Creatures
  Edmund (D:4)
  An ice beast (D:5)
  A scorpion (D:5)
  A crimson imp (D:4)
  3 hounds
  4 orc wizards
  Ijyb (D:2)
  2 worker ants (D:4)
  4 gnolls (D:3)
  5 adders
  2 worms
  A dart slug (D:4)
  2 leopard geckos
  12 orcs
  A ball python (D:2)
  6 giant cockroaches
  9 goblins
  6 hobgoblins
  14 jackals
  A quokka (D:4)
  13 bats
  4 frilled lizards
  7 kobolds
  A leopard gecko skeleton (D:4)
  6 rats
108 creatures vanquished.

Notes
Turn   | Place    | Note
-------+----------+-------------------------------------------
     0 | D:1      | rutigerpupkin the Gargoyle Fighter began the quest for the Orb.
     0 | D:1      | Reached XP level 1. HP: 14/14 MP: 1/1
   206 | D:1      | Reached XP level 2. HP: 19/19 MP: 2/2
   507 | D:2      | Reached XP level 3. HP: 18/23 MP: 3/3
   798 | D:2      | Found a burning altar of Makhleb.
   915 | D:2      | Reached XP level 4. HP: 27/29 MP: 4/4
  1011 | D:2      | Noticed Ijyb
  1037 | D:2      | Killed Ijyb
  1049 | D:2      | Noticed Sigmund
  1262 | D:3      | Reached XP level 5. HP: 21/34 MP: 5/5
  1501 | D:3      | Found a sacrificial altar of Ru.
  1545 | D:3      | Found a bloodstained altar of Trog.
  1819 | D:3      | Found a snail-covered altar of Cheibriados.
  2119 | D:4      | Noticed Edmund
  2185 | D:4      | Killed Edmund
  2185 | D:4      | Reached skill level 5 in Armour
  2185 | D:4      | Reached XP level 6. HP: 28/40 MP: 6/6
  2491 | D:4      | Reached skill level 5 in Fighting
  2501 | D:4      | Found Ilachoi's Antique Armour Emporium.
  2591 | D:4      | Reached skill level 5 in Shields
  2960 | D:4      | Reached XP level 7. HP: 33/44 MP: 7/7
  3275 | D:4      | Found a hazy altar of Hepliaklqana.
  3330 | D:5      | Entered Level 5 of the Dungeon
  3330 | D:5      | Found a staircase to the Ecumenical Temple.
  3337 | Temple   | Entered the Ecumenical Temple
  3766 | D:5      | Mangled by an ogre

Skill      XL: |  1  2  3  4  5  6  7 |
---------------+----------------------+-----
Fighting       | 4 5 |  5.7
Armour         | 4 5 |  5.8
Shields        | 4 5 |  5.6
Maces & Flails | 3 4 |  4.1

Action                   |  1- 3 |  4- 6 |  7- 9 || total
-------------------------+-------+-------+-------++-------
Melee: Flail             |   216 |    55 |    64 ||   335
       Mace              |       |   400 |   141 ||   541
  Use: Scroll            |       |       |     5 ||     5
  Eat: Chunk             |       |     8 |     4 ||    12
Armor: Scale mail        |    83 |       |    30 ||   113
       Plate armour      |    85 |   350 |    84 ||   519
Dodge: Dodged            |    60 |    71 |    37 ||   168
Block: Shield            |   137 |   225 |   107 ||   469
